cohdb
Replays
Latest Replays
All Replays
Popular Replays
Top Player Replays
Match Explorer
How It Works
Community
CoH3 Stats
Reddit
Sign in to upload your games and track your stats! →
Sign in with Steam
Match 41413219
Unlisted
Match 41413219
Overview
Messages
Build Orders
End
Pioneer Squad
Construct Infanterie Kompanie
Selects Breakthrough Battlegroup
Selects Assault Grenadiers
Grenadier Squad
Grenadier Squad
Grenadier Squad
MG 42 Machine Gun Team
Selects 2.5-tonne Cargo Truck
Medical Station
Infanterie Officer Quarters
Construct Panzergrenadier Kompanie
2.5-tonne Cargo Truck
GrW 34 Mortar Team
Pak 40 Anti-tank Gun Team
Pioneer Squad
Panzergrenadier Squad
Selects Blitzkrieg
Pak 40 Anti-tank Gun Team
Construct Panzer Kompanie
Pak 40 Anti-tank Gun Team
Panzergrenadier Squad
Selects Tiger Heavy Tank
Selects Tiger Heavy Tank
Patriot
Emilioboka
0
0
Comments
sign in to comment!
No comments posted yet!